 Dungeon Crawl Stone Soup version 0.23.0-3-gf3c87f2df8 (webtiles) character file.

Game seed: 17718319301300276957

4186 MagicGaucho the Covert (level 10, 0/75 HPs)
             Began as a Naga Venom Mage on Feb 21, 2019.
             Was a Follower of Cheibriados.
             Slain by a yak (14 damage)
             ... on level 9 of the Dungeon.
             The game lasted 00:16:56 (10195 turns).

MagicGaucho the Covert (Naga Venom Mage)           Turns: 10195, Time: 00:16:56

Health: 0/75       AC:  6    Str: 13    XL:     10   Next: 29%
Magic:  16/19      EV: 10    Int: 22    God:    Cheibriados [*.....]
Gold:   281        SH:  0    Dex: 15    Spells: 7/22 levels left

rFire    . . .     SeeInvis +   h - +2 long sword
rCold    . . .     Gourm    .   (no shield)
rNeg     . . .     Faith    +   a - +0 robe
rPois    +         Spirit   .   r - +0 helmet
rElec    .         Reflect  .   y - +0 cloak
rCorr    .         Harm     .   (no gloves)
MR       +....                  (no barding)
Stlth    +++++.....             b - amulet of faith
HPRegen  0.22/turn              (no ring)
MPRegen  0.16/turn              (no ring)

@: radiating poison, very slightly contaminated, very slow
A: large, see invisible, deformed body, poison resistance, slowness 2, slow
metabolism 1, spit poison 1, AC +3
a: Spit Poison, Bend Time, Renounce Religion


You were on level 9 of the Dungeon.
You worshipped Cheibriados.
Cheibriados was aware of your devotion.
You were not hungry.

You visited 2 branches of the dungeon, and saw 10 of its levels.

You collected 281 gold pieces.

Inventory:

Hand Weapons
 f - a +0 dagger
 h - a +2 long sword (weapon)
Armour
 a - a +0 robe (worn)
 r - a +0 helmet (worn)
 y - a +0 cloak (worn)
 C - the +5 large shield of Curiosity {rPois}
   (You found it on level 6 of the Dungeon)

   It protects you from poison.
Jewellery
 b - an amulet of faith (around neck)
Wands
 t - a wand of polymorph (31)
Scrolls
 e - 9 scrolls of remove curse
 g - a scroll of teleportation {unknown}
 i - a scroll of enchant weapon {unknown}
 k - 2 scrolls of magic mapping {unknown}
 l - a scroll of fear {unknown}
 q - a scroll of amnesia {unknown}
 s - 2 scrolls of blinking {unknown}
 w - 2 scrolls of identify
 z - a scroll of summoning {unknown}
Potions
 j - a potion of ambrosia
 m - a potion of might {unknown}
 n - 6 potions of curing
 o - 6 potions of flight
 p - a potion of lignification {unknown}
 u - a potion of cancellation {unknown}
 A - a potion of agility {unknown}
 D - 2 potions of brilliance {unknown}
Comestibles
 c - 9 rations


   Skills:
 - Level 1.5 Dodging
 + Level 10.6 Stealth
 * Level 4.1 Shields
 + Level 6.5 Spellcasting
 - Level 6.0 Conjurations
 - Level 4.0 Air Magic
 + Level 9.4 Poison Magic


You had 7 spell levels left.
You knew the following spells:

 Your Spells              Type           Power        Failure   Level  Hunger
a - Sting                 Conj/Pois      ####         1%          1    None
b - Poisonous Vapours     Pois/Air       #####.       1%          2    None
c - Mephitic Cloud        Conj/Pois/Air  #####...     1%          3    #......
d - Olgreb's Toxic Radia  Pois           #####...     1%          4    ###....
e - Venom Bolt            Conj/Pois      #####.....   10%         5    #####..

Your spell library contained the following spells:

 Spells                   Type           Power        Failure   Level  Hunger


Dungeon Overview and Level Annotations

Branches:
Dungeon (9/15)             Temple (1/1) D:6
   Lair: D:8-11         Orc: D:9-12

Altars:
Ashenzari
Cheibriados
Dithmenos
Elyvilon
Fedhas
Gozag
Hepliaklqana
Kikubaaqudgha
Makhleb
Nemelex Xobeh
Okawaru
Qazlal
Ru
Sif Muna
Trog
Uskayaw
Vehumet
Wu Jian
Xom
Yredelemnul
Zin
The Shining One

Shops:
D:4 [

Annotations:
D:4 1 runed translucent door, 2 transporters, Kisielow's ghost, amateur DEWz


Innate Abilities, Weirdness & Mutations

You cannot wear boots.
Your serpentine skin is tough. (AC +3)
You have supernaturally acute eyesight. (SInv)
Armour fits poorly on your strangely shaped body.
Your system is resistant to poisons. (rPois)
You cover ground very slowly.
You have a slow metabolism.
You can spit poison.


Message History

The yak is heavily wounded.
The yak gores you!
* * * LOW HITPOINT WARNING * * *
The yak closely misses you.
You riposte.
You hit the yak.
The yak is severely wounded.
Unknown command.
You feel better. The yak barely misses you. The yak closely misses you.
You riposte.
You barely miss the yak.
The yak is severely wounded.
Unknown command.
Magic courses through your body. The yak gores you.
* * * LOW HITPOINT WARNING * * *
The yak gores you.
* * * LOW HITPOINT WARNING * * *
Unknown command.
Unknown command.
Casting: Venom Bolt (slightly dangerous; 10% risk of failure)
Confirm with . or Enter, or press ? or * to list all spells.
You begin to radiate toxic energy.
The yak is poisoned. x2; The yak gores you!
You die...

?.....Y####'####### #....
.......'†#........# #....
.......#.#.....)..### #....
......Y#.#....).).).###....
....Y..#.#......).#..##...)
.......#.'........##.##....
......Y###........##..#....
....... #YY......###.#....
....... #@.......# #.'....
########## ###.... #####


You could see 2 yaks.

Vanquished Creatures
  A two-headed ogre (D:5)
  Pikel (D:8)
  A hippogriff (D:8)
  Sigmund (D:4)
  Eustachio (D:6)
  3 yaks (D:9)
  3 orc warriors
  2 ogres
  2 centaurs
  A bullfrog (D:7)
  A gnoll sergeant (D:9)
  3 scorpions
  4 killer bees (D:8)
  4 wights (D:8)
  A crimson imp (D:8)
  A centaur zombie (D:8)
  2 quasits
  5 orc priests
  3 hounds
  A jelly (D:5)
  7 orc wizards
  Crazy Yiuf (D:5)
  2 worker ants
  A hound skeleton (D:6)
  6 gnolls
  16 adders
  A shadow imp (D:5)
  An ooze (D:4)
  An adder zombie (D:7)
  3 adder skeletons
  A worm (D:4)
  2 dart slugs (D:3)
  2 leopard geckos
  12 orcs
  3 hobgoblins (D:1)
  3 jackals (D:1)
  3 kobolds
  4 quokkas
  2 ball pythons
  8 bats
  A frilled lizard (D:1)
  A giant cockroach zombie (D:6)
  12 goblins
  A jackal skeleton (D:4)
  A leopard gecko skeleton (D:7)
  2 quokka zombies
  7 rats
145 creatures vanquished.

Vanquished Creatures (others)
  A hungry ghost (D:8)
  A worker ant (D:8)
  An adder (D:8)
  5 orcs (D:8)
  2 plants (D:4)
10 creatures vanquished.

Grand Total: 155 creatures vanquished

Notes
Turn   | Place    | Note
-------+----------+-------------------------------------------
     0 | D:1      | MagicGaucho the Naga Venom Mage began the quest for the
                  | Orb.
     0 | D:1      | Reached XP level 1. HP: 15/15 MP: 3/3
   385 | D:1      | Reached XP level 2. HP: 22/22 MP: 0/5
   395 | D:1      | Learned a level 2 spell: Poisonous Vapours
  1256 | D:1      | Reached XP level 3. HP: 28/28 MP: 3/6
  1530 | D:2      | Reached skill level 4 in Stealth
  1910 | D:2      | Reached XP level 4. HP: 36/36 MP: 2/7
  2161 | D:2      | Found a hazy altar of Hepliaklqana.
  2523 | D:3      | Reached skill level 5 in Poison Magic
  2523 | D:3      | Reached XP level 5. HP: 42/42 MP: 4/9
  2571 | D:3      | Learned a level 3 spell: Mephitic Cloud
  2642 | D:3      | Reached skill level 5 in Stealth
  2922 | D:3      | Reached skill level 1 in Air Magic
  3058 | D:3      | Reached XP level 6. HP: 38/49 MP: 0/10
  3595 | D:4      | Found Fozut's Armour Emporium.
  3816 | D:4      | Found a glowing silver altar of Zin.
  3817 | D:4      | Found a runed translucent door.
  3817 | D:4      | Found a transporter.
  3817 | D:4      | Noticed an angel
  3880 | D:4      | Found a transporter.
  3883 | D:4      | Noticed Kisielow's ghost (amateur DEWz)
  4052 | D:4      | Reached XP level 7. HP: 55/55 MP: 7/12
  4082 | D:4      | Reached skill level 6 in Stealth
  4210 | D:4      | Noticed Sigmund
  4235 | D:4      | Killed Sigmund
  4538 | D:4      | Identified the +1 buckler "Wuixiom" {rN+ rCorr Int-5}
  4662 | D:4      | Learned a level 4 spell: Olgreb's Toxic Radiance
  4663 | D:5      | Entered Level 5 of the Dungeon
  4740 | D:5      | Noticed a two-headed ogre
  4760 | D:5      | Killed a two-headed ogre
  4760 | D:5      | Reached skill level 7 in Stealth
  4760 | D:5      | Reached XP level 8. HP: 41/62 MP: 1/15
  4984 | D:5      | Reached skill level 8 in Stealth
  5507 | D:5      | Found a runed translucent door.
  5508 | D:5      | Noticed Crazy Yiuf
  5602 | D:5      | Killed Crazy Yiuf
  5735 | D:6      | Found an iron altar of Okawaru.
  5736 | D:6      | Found a shattered altar of Ashenzari.
  5736 | D:6      | Found a hide-covered altar of Uskayaw.
  5736 | D:6      | Found a deep blue altar of Sif Muna.
  5736 | D:6      | Found a sacrificial altar of Ru.
  5737 | D:6      | Found a stormy altar of Qazlal.
  5738 | D:6      | Found a basalt altar of Yredelemnul.
  5739 | D:6      | Found a shimmering altar of Xom.
  5799 | D:6      | Reached skill level 5 in Spellcasting
  5799 | D:6      | Reached skill level 5 in Conjurations
  5805 | D:6      | Reached XP level 9. HP: 65/68 MP: 3/16
  6482 | D:6      | Found a staircase to the Ecumenical Temple.
  6494 | Temple   | Entered the Ecumenical Temple
  6872 | D:6      | Learned a level 5 spell: Venom Bolt
  6876 | D:6      | Reached skill level 9 in Stealth
  6907 | D:6      | Noticed Eustachio
  6913 | D:6      | Killed Eustachio
  7111 | D:6      | Got a transparent large shield
  7119 | D:6      | Identified the +5 large shield of Curiosity {rPois} (You
                  | found it on level 6 of the Dungeon)
  7868 | D:7      | Found a snail-covered altar of Cheibriados.
  7896 | D:7      | Reached skill level 1 in Shields
  8159 | D:7      | Became a worshipper of Cheibriados the Contemplative
  9195 | D:8      | Noticed Pikel
  9205 | D:8      | Killed Pikel
  9205 | D:8      | Reached skill level 10 in Stealth
  9205 | D:8      | Reached XP level 10. HP: 26/75 MP: 1/19
  9990 | D:9      | Reached * piety under Cheibriados
 10195 | D:9      | Slain by a yak

Skill      XL: |  1  2  3  4  5  6  7  8  9 10 |
---------------+-------------------------------+-----
Stealth        | 4 5 7 8 10 | 10.6
Conjurations   | 2 3 4 5 6 |  6.0
Spellcasting   | 3 4 5 6 |  6.5
Poison Magic   | 5 7 9 |  9.4
Air Magic      | 1 3 4 |  4.0
Shields        | 3 4 |  4.1
Dodging        | |  1.5

Action                   |  1- 3 |  4- 6 |  7- 9 | 10-12 || total
-------------------------+-------+-------+-------+-------++-------
Melee: Unarmed           |     1 |       |     2 |       ||     3
       Dagger            |    12 |    61 |    88 |       ||   161
       Quarterstaff      |       |       |    51 |       ||    51
       Long sword        |       |       |    35 |    20 ||    55
 Cast: Sting             |    16 |     2 |    12 |       ||    30
       Poisonous Vapours |    24 |    60 |    87 |     6 ||   177
       Mephitic Cloud    |       |     1 |     6 |       ||     7
       Olgreb's Toxic Ra |       |       |     7 |     5 ||    12
       Venom Bolt        |       |       |     1 |     2 ||     3
 Abil: Spit Poison       |     2 |     2 |     2 |     1 ||     7
Evoke: Wand              |       |       |    10 |       ||    10
  Use: Scroll            |       |     2 |     5 |       ||     7
       Potion            |       |       |     2 |     2 ||     4
 Stab: Sleeping          |       |     1 |     4 |       ||     5
       Confused          |       |       |     1 |       ||     1
  Eat: Chunk             |     4 |     9 |    10 |       ||    23
       Ration            |       |       |     2 |     1 ||     3
Armor: Robe              |     5 |    22 |    69 |     9 ||   105
Dodge: Dodged            |    11 |    26 |   114 |    15 ||   166
       Rpst.: Long sword |       |       |    12 |     4 ||    16
